 Dungeon Crawl Stone Soup version 0.22.1-1-ga44c0e5 (webtiles) character file.

14131 JeffiDaFish the Thaumaturge (level 11, -3/59 HPs)
             Began as a Deep Elf Fire Elementalist on Sept 28, 2018.
             Was a High Priest of Sif Muna.
             Slain by a six-headed hydra (4 damage)
             ... on level 3 of the Lair of Beasts.
             The game lasted 00:34:14 (12914 turns).

JeffiDaFish the Thaumaturge (DEFE)                 Turns: 12914, Time: 00:34:14

Health: -3/59      AC:  6    Str:  5    XL:     11   Next: 84%
Magic:  1/31       EV: 14    Int: 24    God:    Sif Muna [*****.]
Gold:   602        SH:  0    Dex: 17    Spells: 26/39 levels left

rFire    + . .     SeeInvis .   e - +3 short sword (freeze)
rCold    x . .     Gourm    .   (no shield)
rNeg     . . .     Faith    .   b - +2 robe of the Curious Wonders {rElec rPois MR+}
rPois    +         Spirit   .   r - +0 hat
rElec    +         Reflect  .   (no cloak)
rCorr    .         Harm     .   m - +1 pair of gloves
MR       ++...                  (no boots)
Stlth    +++.......             f - amulet of the acrobat
HPRegen  0.19/turn              j - ring of wizardry
MPRegen  0.22/turn              g - ring of fire

@: no casting
A: antennae 1, agile 1
a: Stop Divine Energy, Channel Magic, Forget Spell, Renounce Religion


You were on level 3 of the Lair of Beasts.
You worshipped Sif Muna.
Sif Muna was extremely pleased with you.
You were not hungry.

You visited 3 branches of the dungeon, and saw 13 of its levels.
You also visited: Sewer.

You collected 602 gold pieces.

Inventory:

Hand Weapons
 e - a +3 short sword of freezing (weapon)
Armour
 b - the +2 robe of the Curious Wonders (worn) {rElec rPois MR+}
   (You found it on level 2 of the Lair of Beasts)

   It insulates you from electricity.
   It protects you from poison.
   It affects your resistance to hostile enchantments.
 m - a +1 pair of gloves (worn)
 r - a +0 hat (worn)
Jewellery
 f - an amulet of the acrobat (around neck)
 g - a ring of fire (right hand)
 j - a ring of wizardry (left hand)
 l - an uncursed ring of protection from magic {unknown}
 w - a +3 ring of protection
Wands
 p - a wand of iceblast (8)
 x - a wand of scattershot (7)
Scrolls
 d - 6 scrolls of remove curse
 i - 10 scrolls of identify
 k - a scroll of teleportation
 v - 4 scrolls of amnesia
Potions
 h - 6 potions of curing
 n - a potion of heal wounds
 o - 2 potions of flight
 q - a potion of brilliance
 s - a potion of berserk rage
 t - a potion of agility
 u - a potion of haste
Comestibles
 c - 18 rations


   Skills:
 + Level 2.6 Fighting
 - Level 0.5 Short Blades
 - Level 4.1 Dodging
 - Level 3.6 Stealth
 * Level 14.9 Spellcasting
 + Level 9.3 Conjurations
 * Level 12.9 Fire Magic


You had 26 spell levels left.
You knew the following spells:

 Your Spells              Type           Power        Failure   Level  Hunger
a - Flame Tongue          Conj/Fire      #####        1%          1    None
b - Conjure Flame         Conj/Fire      #######.     1%          3    None
c - Sticky Flame          Conj/Fire      #######.     1%          4    None
d - Fireball              Conj/Fire      #######...   1%          5    ##.....

Your spell library contained the following spells:

 Spells                   Type           Power        Failure   Level  Hunger
 Beastly Appendage        Tmut           ###...       1%          1    None
 Sticks to Snakes         Tmut           ###.....     1%          2    None
 Throw Flame              Conj/Fire      ######       1%          2    None
 Ignite Poison            Fire/Tmut/Pois ######..     1%          3    None
 Inner Flame              Hex/Fire       ######..     1%          3    None
 Bolt of Magma            Conj/Fire/Erth ######....   1%          5    ##.....
 Bolt of Fire             Conj/Fire      #######...   1%          6    ####...
 Spider Form              Tmut/Pois      ###.......   4%          3    None
 Ice Form                 Ice/Tmut       ###.....     13%         4    None
 Blade Hands              Tmut           ###.......   32%         5    ##.....
 Ignition                 Fire           #######...   38%         8    #######


Dungeon Overview and Level Annotations

Branches:
Dungeon (9/15)             Temple (1/1) D:4            Lair (3/6) D:8
  Swamp (0/4) Lair:3        Snake (0/4) Lair:3          Orc (0/2) D:9

Altars:
Ashenzari
Cheibriados
Dithmenos
Elyvilon
Gozag
Hepliaklqana
Kikubaaqudgha
Makhleb
Nemelex Xobeh
Okawaru
Qazlal
Ru
Sif Muna
Uskayaw
Vehumet
Xom
Yredelemnul
Zin
The Shining One
Beogh

Annotations:
D:4 3 runed doors, FoxWall's ghost, amateur SpAs


Innate Abilities, Weirdness & Mutations

You have a pair of small antennae on your head.
You are agile. (Dex +2)


Message History

The sticky flame hits the six-headed hydra.
The six-headed hydra is moderately wounded.
The six-headed hydra is covered in liquid flames!
Sif Muna grants you divine energy.
You briefly lose access to your magic!
The six-headed hydra burns!
The six-headed hydra is engulfed in blazing flames.
The six-headed hydra misses you.
The six-headed hydra closely misses you.
The six-headed hydra barely misses you. The six-headed hydra bites you.
The six-headed hydra bites you! The six-headed hydra bites you.
You feel better.
The six-headed hydra burns!
The six-headed hydra is engulfed in blazing flames.
The six-headed hydra closely misses you.
The six-headed hydra bites you!
* * * LOW HITPOINT WARNING * * *
The six-headed hydra bites you but does no damage.
The six-headed hydra bites you!
* * * LOW HITPOINT WARNING * * *
The six-headed hydra bites you.
You die...

#.....##...# ###......##
##....#...## ##......
#.........### ###..###
###...........# #..##
#............### ####..##
.........#.#...###.#....######
#.#......####..P.....#.....#.#
##......##
##....#####.#....#### #.######
#P..@#.# ####......# ###
####D#### ###..... ##≈♣..≈≈.##
##...... #P≈.P.♣≈..# ##.......
#P≈♣♣.♣♣≈≈# ##........
#≈P♣...♣♣)###.......).
......>......#P........
..#P≈♣...♣≈♣#...........
#.#P≈♣♣.♣♣≈≈##..........


You could see a six-headed hydra (burning).

Vanquished Creatures
  4 hydras
  3 death yaks (Lair:3)
  A black mamba (Lair:1)
  A rime drake (Lair:1)
  A spiny frog (Lair:2)
  A komodo dragon (Lair:1)
  A polar bear (Lair:3)
  3 blink frogs (Lair:1)
  2 hippogriffs
  Grinder (D:4)
  3 yaks (Lair:1)
  Grum (D:9)
  Eustachio (D:5)
  2 wargs (D:8)
  A naga (Lair:3)
  Menkaure (D:4)
  Duvessa (D:4)
  A porcupine (Lair:2)
  3 water moccasins (Lair:1)
  4 orc warriors
  4 sky beasts
  An ice beast (D:8)
  A necrophage (D:5)
  2 black bears
  3 ogres
  8 wolves
  7 centaurs
  3 crocodiles (Lair:1)
  2 big kobolds
  9 bullfrogs
  Dowan (D:4)
  5 killer bees (D:7)
  4 howler monkeys
  A crimson imp (D:5)
  2 bullfrog zombies
  7 orc priests
  4 hounds
  5 iguanas
  An iron imp (D:7)
  Ijyb (D:4)
  15 orc wizards
  4 worker ants
  2 killer bee zombies (D:8)
  2 hound skeletons
  2 worker ant zombies
  Robin (D:2)
  5 adders
  A river rat (D:3)
  2 oozes
  2 adder skeletons (D:5)
  An adder zombie (D:8)
  2 worms
  3 dart slugs
  5 leopard geckos
  39 orcs
  6 ball pythons
  8 giant cockroaches
  20 goblins
  8 hobgoblins
  15 jackals
  5 quokkas
  8 bats
  6 frilled lizards
  22 kobolds
  A leopard gecko skeleton (D:8)
  A leopard gecko zombie (D:7)
  A quokka skeleton (D:5)
  A quokka zombie (D:6)
  7 rats
  A fungus (Lair:3)
303 creatures vanquished.

Vanquished Creatures (others)
  2 fungi (Lair:3)
2 creatures vanquished.

Grand Total: 305 creatures vanquished

Notes
Turn   | Place    | Note
-------+----------+-------------------------------------------
     0 | D:1      | JeffiDaFish the Deep Elf Fire Elementalist began the quest
                  | for the Orb.
     0 | D:1      | Reached XP level 1. HP: 10/10 MP: 6/6
   116 | D:1      | Reached XP level 2. HP: 15/15 MP: 5/8
  1191 | D:2      | Reached XP level 3. HP: 19/19 MP: 6/10
  1294 | D:2      | Learned a level 3 spell: Conjure Flame
  1461 | D:2      | Reached skill level 4 in Spellcasting
  1812 | D:2      | Noticed Robin
  1886 | D:2      | Killed Robin
  1886 | D:2      | Reached XP level 4. HP: 24/24 MP: 4/12
  2102 | D:3      | Found an iron altar of Okawaru.
  2267 | D:3      | Found a glowing drain.
  2271 | D:3      | Reached XP level 5. HP: 28/28 MP: 9/14
  2299 | Sewer    | Entered a sewer
  2305 | Sewer    | Learned a level 4 spell: Sticky Flame
  2328 | Sewer    | Learned a level 5 spell: Fireball
  2560 | Sewer    | Reached skill level 5 in Spellcasting
  3032 | D:3      | Reached XP level 6. HP: 27/33 MP: 10/16
  3152 | D:3      | Found a glowing golden altar of the Shining One.
  3248 | D:3      | Reached skill level 1 in Fighting
  3402 | D:4      | Found a staircase to the Ecumenical Temple.
  3402 | D:4      | Noticed Ijyb
  3412 | D:4      | Killed Ijyb
  3419 | Temple   | Entered the Ecumenical Temple
  3678 | D:4      | Reached skill level 6 in Spellcasting
  3678 | D:4      | Reached skill level 5 in Fire Magic
  3899 | D:4      | Reached XP level 7. HP: 33/38 MP: 11/18
  3942 | D:4      | Found an opulent altar of Gozag.
  4023 | D:4      | Found a runed gate.
  4023 | D:4      | Noticed Menkaure
  4024 | D:4      | Found a runed gate.
  4025 | D:4      | Found a runed gate.
  4032 | D:4      | Killed Menkaure
  4041 | D:4      | Noticed FoxWall's ghost (amateur SpAs)
  4092 | D:4      | Noticed Dowan
  4095 | D:4      | Noticed Duvessa
  4106 | D:4      | Killed Dowan
  4111 | D:4      | Killed Duvessa
  4111 | D:4      | Reached skill level 7 in Spellcasting
  4520 | D:4      | Found a roughly hewn altar of Beogh.
  4905 | D:4      | Noticed Grinder
  4910 | D:4      | Found a burning altar of Makhleb.
  4917 | D:4      | Killed Grinder
  4917 | D:4      | Reached XP level 8. HP: 43/43 MP: 19/21
  4922 | D:4      | Found a glowing silver altar of Zin.
  4940 | D:4      | Found a stormy altar of Qazlal.
  5056 | D:5      | Entered Level 5 of the Dungeon
  5243 | D:5      | Reached skill level 8 in Spellcasting
  5684 | D:5      | Noticed Eustachio
  5690 | D:5      | Killed Eustachio
  5695 | D:5      | Reached skill level 5 in Conjurations
  6104 | D:6      | Reached skill level 9 in Spellcasting
  6277 | D:6      | Reached XP level 9. HP: 20/47 MP: 8/24
  6514 | D:6      | Found a deep blue altar of Sif Muna.
  6524 | D:6      | Became a worshipper of Sif Muna the Loreminder
  6564 | D:6      | Found an ancient bone altar of Kikubaaqudgha.
  6572 | D:6      | Found a radiant altar of Vehumet.
  6636 | D:6      | Reached skill level 10 in Spellcasting
  6990 | D:7      | Found a snail-covered altar of Cheibriados.
  7383 | D:7      | Reached * piety under Sif Muna
  7660 | D:7      | Reached skill level 11 in Spellcasting
  8489 | D:8      | Reached ** piety under Sif Muna
  8548 | D:8      | Found a shadowy altar of Dithmenos.
  8599 | D:8      | Reached skill level 10 in Fire Magic
  8599 | D:8      | Reached XP level 10. HP: 41/52 MP: 0/27
  8928 | D:8      | Reached skill level 12 in Spellcasting
  8986 | D:8      | Found a staircase to the Lair.
  9278 | D:8      | Gained mutation: You have a pair of small antennae on your
                  | head. [potion of mutation]
  9278 | D:8      | Gained mutation: You are agile. (Dex +2) [potion of
                  | mutation]
  9841 | D:9      | Found a staircase to the Orcish Mines.
  9971 | D:9      | Noticed Grum
  9974 | D:9      | Killed Grum
 10252 | Lair:1   | Entered Level 1 of the Lair of Beasts
 10252 | Lair:1   | Noticed a black mamba
 10254 | Lair:1   | Killed a black mamba
 10254 | Lair:1   | Reached *** piety under Sif Muna
 10322 | Lair:1   | Reached skill level 13 in Spellcasting
 10907 | Lair:1   | Noticed a four-headed hydra
 10913 | Lair:1   | Killed a four-headed hydra
 10913 | Lair:1   | Reached XP level 11. HP: 56/56 MP: 10/30
 10923 | Lair:1   | Reached **** piety under Sif Muna
 11527 | Lair:2   | Reached skill level 14 in Spellcasting
 12211 | Lair:2   | Identified the +2 robe of the Curious Wonders {rElec rPois
                  | MR+} (You found it on level 2 of the Lair of Beasts)
 12269 | Lair:3   | Noticed a five-headed hydra
 12273 | Lair:3   | Killed a five-headed hydra
 12404 | Lair:3   | Found a staircase to the Swamp.
 12411 | Lair:3   | Noticed a six-headed hydra
 12415 | Lair:3   | Killed a six-headed hydra
 12601 | Lair:3   | Noticed an eight-headed hydra
 12605 | Lair:3   | Killed an eight-headed hydra
 12690 | Lair:3   | Found a staircase to the Snake Pit.
 12701 | Lair:3   | Noticed a death yak
 12701 | Lair:3   | Noticed a death yak
 12703 | Lair:3   | Noticed a death yak
 12720 | Lair:3   | Killed a death yak
 12896 | Lair:3   | Killed a death yak
 12896 | Lair:3   | Reached ***** piety under Sif Muna
 12896 | Lair:3   | Identified Furuer's Almanac of the Volcanoes (Sif Muna
                  | gifted it to you on level 3 of the Lair of Beasts)
 12896 | Lair:3   | Received a gift from Sif Muna
 12897 | Lair:3   | Noticed a six-headed hydra
 12903 | Lair:3   | Killed a death yak
 12914 | Lair:3   | HP: 1/59 [six-headed hydra (16)]
 12914 | Lair:3   | Slain by a six-headed hydra

Skill      XL: |  1  2  3  4  5  6  7  8  9 10 11 |
---------------+----------------------------------+-----
Spellcasting   | 4 5 6 7 9 11 13 14 | 14.9
Stealth        | 3 |  3.6
Conjurations   | 2 3 4 5 6 8 9 |  9.3
Fire Magic     | 4 5 6 8 10 11 12 | 12.9
Dodging        | 3 4 |  4.1
Fighting       | 1 2 |  2.6
Short Blades   | |  0.5

Action                   |  1- 3 |  4- 6 |  7- 9 | 10-12 || total
-------------------------+-------+-------+-------+-------++-------
Melee: Dagger            |    33 |    38 |       |       ||    71
       Short sword       |       |    28 |   114 |    51 ||   193
 Cast: Flame Tongue      |    44 |   103 |    33 |    28 ||   208
       Conjure Flame     |     3 |     2 |     2 |     3 ||    10
       Sticky Flame      |       |     7 |    44 |    27 ||    78
       Fireball          |       |       |    46 |    72 ||   118
Invok: Divine Energy     |       |       |     1 |       ||     1
Evoke: Wand              |       |       |     8 |     2 ||    10
  Use: Scroll            |     9 |     4 |     1 |     8 ||    22
       Potion            |     4 |     3 |     5 |     4 ||    16
 Stab: Sleeping          |     5 |       |     3 |     1 ||     9
       Distracted        |       |     1 |       |       ||     1
  Eat: Chunk             |     3 |     7 |    23 |    13 ||    46
       Ration            |       |       |       |     2 ||     2
Armor: Robe              |     7 |    16 |    33 |    10 ||    66
Dodge: Dodged            |    24 |    82 |   112 |    69 ||   287
